 Dungeon Crawl Stone Soup version 0.24-a0-373-g39439d866b (webtiles) character file.

Game seed: 16252456907148961435

13150 theanonym the Fencer (level 12, -2/94 HPs)
             Began as a Merfolk Berserker on May 30, 2019.
             Was a High Priest of Trog.
             Slain by an orc knight
             ... wielding a +1 great sword of slicing
              (17 damage)
             ... on level 1 of the Orcish Mines.
             The game lasted 00:19:53 (13748 turns).

theanonym the Fencer (Merfolk Berserker)           Turns: 13748, Time: 00:19:53

Health: -2/94      AC: 18    Str: 22    XL:     12   Next: 3%
Magic:  12/12      EV:  8    Int:  7    God:    Trog [*****.]
Gold:   641        SH:  4    Dex: 17    Spells: 11/11 levels left

rFire    . . .     SeeInvis .   a - +3 great sword
rCold    . . .     Gourm    .   (shield currently unavailable)
rNeg     . . .     Faith    .   C - +0 plate armour
rPois    +         Spirit   .   o - +1 helmet
rElec    .         Reflect  +   c - +0 cloak
rCorr    .         Harm     .   i - +0 pair of gloves
MR       .....                  b - +0 pair of boots
Stlth    ..........             y - +4 amulet of reflection
HPRegen  0.25/turn              I - +4 ring of dexterity
MPRegen  0.13/turn              D - ring of poison resistance

@: berserk cooldown, hasted and slowed
A: change form in water, swift swim, stealthy swim
a: Berserk, Trog's Hand, Brothers in Arms, Renounce Religion


   Skills:
 + Level 8.6 Fighting
 * Level 16.6 Long Blades
 + Level 5.7 Armour
 - Level 2.6 Dodging


You had 11 spell levels left.
You didn't know any spells.
Your spell library contained the following spells:

 Spells                   Type           Power        Failure   Level  Hunger
 Confusing Touch          Hex            #.....       100%        1    ##.....
 Confuse                  Hex            #.......     100%        3    ####...
 Gell's Gravitas          Tloc           #.........   100%        3    ####...
 Petrify                  Tmut/Erth      #.......     100%        4    #####..
 Metabolic Englaciation   Hex/Ice        #.........   100%        5    ######.
 Yara's Violent Unravell  Hex/Tmut       #.........   100%        5    ######.

Skill      XL: |  1  2  3  4  5  6  7  8  9 10 11 |
---------------+----------------------------------+-----
Long Blades    | 4 5 6 7 8 10 12 14 15 16 | 16.6
Fighting       | 4 7 8 |  8.6
Armour         | 2 4 5 |  5.7
Dodging        | |  2.6

Action                   |  1- 3 |  4- 6 |  7- 9 | 10-12 || total
-------------------------+-------+-------+-------+-------++-------
Melee: Falchion          |   109 |   187 |   595 |       ||   891
       Great sword       |       |       |     3 |   401 ||   404
Invok: Berserk           |       |     5 |     7 |    18 ||    30
       Trog's Hand       |       |     1 |     1 |     3 ||     5
Evoke: Wand              |       |       |     5 |     4 ||     9
  Use: Scroll            |       |     9 |    10 |     5 ||    24
       Potion            |       |       |     1 |     2 ||     3
 Stab: Sleeping          |     1 |       |       |       ||     1
       Distracted        |       |       |     1 |       ||     1
       Invisible         |       |       |     6 |       ||     6
  Eat: Chunk             |     2 |     7 |    12 |    18 ||    39
       Ration            |       |     1 |     3 |     6 ||    10
Armor: Animal skin       |    17 |       |       |       ||    17
       Leather armour    |    12 |       |       |       ||    12
       Chain mail        |       |   118 |   198 |       ||   316
       Plate armour      |       |       |    41 |   298 ||   339
Dodge: Dodged            |    87 |   101 |   194 |   187 ||   569
Block: Other             |       |       |    53 |   106 ||   159
       Reflection        |       |       |     1 |     5 ||     6
       Rpst.: Falchion   |    26 |    27 |    66 |       ||   119
       Great sword       |       |       |       |    50 ||    50

Inventory:

Hand Weapons
 a - a +3 great sword (weapon)
Armour
 b - a +0 pair of boots (worn)
 c - a +0 cloak (worn)
 g - a scarf of cloud immunity
 i - a +0 pair of gloves (worn)
 o - a +1 helmet (worn)
 C - a +0 plate armour (worn)
Jewellery
 y - a +4 amulet of reflection (around neck)
 D - a ring of poison resistance (right hand)
 I - a +4 ring of dexterity (left hand)
 L - an uncursed ring of flight
Wands
 d - a wand of digging (16)
 s - a wand of iceblast (4)
 u - a wand of polymorph (20)
 v - a wand of acid (4)
 w - a wand of flame (20)
 F - a wand of enslavement (5)
 J - a wand of disintegration (19)
Scrolls
 f - 2 scrolls of fog
 l - 2 scrolls of enchant weapon
 n - 6 scrolls of remove curse
 r - a scroll of identify
 t - 8 scrolls of teleportation
 B - 2 scrolls of blinking
Potions
 h - 2 potions of haste
 j - 4 potions of curing
 k - a potion of lignification
 m - a potion of might
 q - 2 potions of heal wounds
 x - 3 potions of berserk rage
 E - a potion of brilliance
 G - a potion of ambrosia
 H - 2 potions of flight
 K - a potion of cancellation {unknown}
Comestibles
 e - 8 rations


You were on level 1 of the Orcish Mines.
You worshipped Trog.
Trog was extremely pleased with you.
You were not hungry.

You visited 2 branches of the dungeon, and saw 12 of its levels.

You collected 1151 gold pieces.
You spent 510 gold pieces at shops.

Dungeon Overview and Level Annotations

Branches:
Dungeon (10/15)            Temple (0/1) D:5             Orc (2/2) D:10
    Elf (0/3) Orc:2
   Lair: D:8-11

Altars:
Elyvilon
Gozag
Hepliaklqana
Kikubaaqudgha
Makhleb
Nemelex Xobeh
Okawaru
Qazlal
Uskayaw
Vehumet
Yredelemnul
Zin
The Shining One

Shops:
D:5 }   D:9 *:%(!

Annotations:
Orc:2 2 runed translucent doors

##### ##### ##### #.#.##
##...####.#.##
.....###............#
#.....#............##
...................####
..................###.##
........)......o@..#...#
.........#.............#
...................##.##
.......>...........####
..................#.##
.....................#
...#................##
..#...............###
...................#


You could see an orc knight.

Notes
Turn   | Place    | Note
-------+----------+-------------------------------------------
     0 | D:1      | theanonym the Merfolk Berserker began the quest for the
                  | Orb.
     0 | D:1      | Reached XP level 1. HP: 18/18 MP: 1/1
   166 | D:1      | Reached XP level 2. HP: 17/24 MP: 2/2
   262 | D:1      | Reached skill level 4 in Long Blades
   415 | D:1      | Reached XP level 3. HP: 29/29 MP: 3/3
   421 | D:1      | HP: 14/29 [jackal (3)]
   426 | D:1      | HP: 8/29 [jackal (2)]
  1012 | D:1      | Reached ** piety under Trog
  1371 | D:2      | HP: 13/29 [dart slug/slug dart (4)]
  1373 | D:2      | Reached skill level 5 in Long Blades
  1676 | D:2      | Found a basalt altar of Yredelemnul.
  1749 | D:2      | Found a runed translucent door.
  1750 | D:2      | Noticed Crazy Yiuf
  1813 | D:2      | Noticed Jessica
  1820 | D:2      | Killed Jessica
  1820 | D:2      | Reached XP level 4. HP: 27/35 MP: 4/4
  1945 | D:2      | Noticed Robin
  1962 | D:2      | Killed Robin
  1965 | D:2      | HP: 17/35 [goblin[Robin] (3)]
  1971 | D:2      | HP: 17/35 [goblin[Robin] (1)]
  1977 | D:2      | HP: 17/35 [goblin/+0 dagger[Robin] (1)]
  1982 | D:2      | Found a hide-covered altar of Uskayaw.
  1982 | D:2      | Found a glowing golden altar of the Shining One.
  1990 | D:2      | HP: 16/35 [goblin/+0 club[Robin] (3)]
  1996 | D:2      | HP: 14/35 [goblin/+0 club[Robin] (2)]
  2335 | D:2      | Killed Crazy Yiuf
  2335 | D:2      | Reached skill level 6 in Long Blades
  2335 | D:2      | Reached XP level 5. HP: 38/41 MP: 5/5
  2511 | D:3      | Found a faded altar of an unknown god.
  2884 | D:3      | Reached *** piety under Trog
  3100 | D:4      | Noticed an ogre
  3106 | D:4      | Killed an ogre
  3106 | D:4      | Received a gift from Trog
  3106 | D:4      | Reached skill level 7 in Long Blades
  3106 | D:4      | Reached XP level 6. HP: 47/47 MP: 6/6
  3133 | D:4      | HP: 21/47 [ogre/cursed +0 giant spiked club (16)]
  3134 | D:4      | HP: 7/47 [ogre/cursed +0 giant spiked club (15)]
  3141 | D:4      | HP: 6/47 [quokka (2)]
  3156 | D:4      | HP: 17/47 [adder (1)]
  3161 | D:4      | HP: 25/70 [poisoned by an adder]
  3166 | D:4      | HP: 27/70 [poisoned by an adder]
  3168 | D:4      | Reached skill level 8 in Long Blades
  3172 | D:4      | HP: 20/47 [poisoned by an adder]
  3179 | D:4      | HP: 23/47 [poisoned by an adder]
  3184 | D:4      | HP: 22/47 [poisoned by an adder]
  3404 | D:4      | Reached XP level 7. HP: 49/52 MP: 7/7
  3640 | D:4      | Reached skill level 9 in Long Blades
  3659 | D:4      | HP: 39/78 [gnoll/+0 club (3)]
  3669 | D:3      | HP: 25/52 [worker ant (3)]
  3675 | D:3      | HP: 22/52 [poisoned by a worker ant]
  3680 | D:3      | HP: 13/52 [worker ant (3)]
  3686 | D:3      | HP: 12/52 [poisoned by a worker ant]
  4373 | D:4      | Reached skill level 10 in Long Blades
  4461 | D:4      | Reached XP level 8. HP: 58/58 MP: 8/8
  4466 | D:5      | Entered Level 5 of the Dungeon
  4562 | D:5      | Found Haluqoz's Gadget Shop.
  4565 | D:5      | Bought a wand of acid (5) for 180 gold pieces
  4636 | D:5      | Reached **** piety under Trog
  4830 | D:5      | Found a staircase to the Ecumenical Temple.
  4976 | D:5      | Reached skill level 11 in Long Blades
  5041 | D:5      | Found a sparkling altar of Nemelex Xobeh.
  5481 | D:6      | You fall into a shaft and drop 3 floors!
  5488 | D:9      | Found Owago Itoiwn's General Store.
  5552 | D:8      | HP: 27/58 [ogre/+0 giant club (14)]
  5788 | D:7      | Reached skill level 12 in Long Blades
  5825 | D:7      | HP: 27/58 [killer bee (6)]
  5830 | D:7      | HP: 20/58 [poisoned by a killer bee]
  5833 | D:7      | Reached XP level 9. HP: 14/64 MP: 9/9
  5834 | D:7      | HP: 7/64 [killer bee (6)]
  5839 | D:7      | HP: 7/64 [poisoned by a killer bee]
  5844 | D:7      | HP: 10/64 [poisoned by a killer bee]
  5849 | D:7      | HP: 5/64 [poisoned by a killer bee]
  5854 | D:7      | HP: 8/96 [poisoned by a killer bee]
  5862 | D:7      | HP: 4/64 [poisoned by a killer bee]
  5867 | D:7      | HP: 3/64 [poisoned by a killer bee]
  6419 | D:7      | Reached skill level 13 in Long Blades
  6690 | D:7      | Noticed Menkaure
  6696 | D:7      | Killed Menkaure
  6727 | D:6      | Reached ***** piety under Trog
  7068 | D:6      | Reached skill level 14 in Long Blades
  7285 | D:6      | Reached skill level 4 in Fighting
  7285 | D:6      | Reached skill level 2 in Armour
  7369 | D:6      | Found an ancient bone altar of Kikubaaqudgha.
  7696 | D:7      | Reached XP level 10. HP: 63/73 MP: 10/10
  8157 | D:8      | HP: 29/73 [something (9)]
  8159 | D:8      | HP: 13/73 [something (6)]
  8466 | D:8      | Reached skill level 5 in Fighting
  8472 | D:8      | Reached skill level 3 in Armour
  8690 | D:8      | Noticed Pikel
  8697 | D:8      | Killed Pikel
  8993 | D:8      | Found a burning altar of Makhleb.
  8993 | D:8      | Found a hazy altar of Hepliaklqana.
  9504 | D:8      | Found a burning altar of Makhleb.
  9505 | D:8      | Found a hazy altar of Hepliaklqana.
  9517 | D:8      | Found a hazy altar of Hepliaklqana.
 10048 | D:9      | Found Aromil's Book Boutique.
 10095 | D:9      | Found Paom's Food Boutique.
 10121 | D:9      | Noticed a two-headed ogre
 10132 | D:9      | HP: 36/75 [orc priest/nerve-wracking pain (13)]
 10137 | D:9      | Killed a two-headed ogre
 10137 | D:9      | Reached skill level 6 in Fighting
 10138 | D:9      | HP: 55/114 [orc (1)]
 10289 | D:9      | Noticed a two-headed ogre
 10299 | D:9      | Killed a two-headed ogre
 10299 | D:9      | Reached skill level 15 in Long Blades
 10299 | D:9      | Reached skill level 4 in Armour
 10437 | D:9      | Received a gift from Trog
 10446 | D:9      | Noticed a two-headed ogre
 10597 | D:9      | Found an opulent altar of Gozag.
 10603 | D:9      | Killed a two-headed ogre
 10603 | D:9      | Reached skill level 7 in Fighting
 10603 | D:9      | Reached XP level 11. HP: 84/84 MP: 11/11
 10631 | D:9      | HP: 40/84 [yak (5)]
 10636 | D:9      | HP: 28/84 [yak (2)]
 10661 | D:9      | HP: 48/126 [yak (3)]
 11100 | D:9      | Found a white marble altar of Elyvilon.
 11100 | D:9      | Found a radiant altar of Vehumet.
 11100 | D:9      | Found a glowing silver altar of Zin.
 11104 | D:9      | Found Tuch's Distillery.
 11110 | D:9      | Bought 2 potions of haste for 220 gold pieces
 11110 | D:9      | Bought a potion of curing for 33 gold pieces
 11110 | D:9      | Bought a potion of curing for 33 gold pieces
 11110 | D:9      | Bought a potion of might for 44 gold pieces
 11121 | D:9      | Found Xupsoil's Weapon Shoppe.
 11176 | D:10     | Entered Level 10 of the Dungeon
 11202 | D:10     | HP: 42/84 [warg (6)]
 11209 | D:9      | HP: 40/84 [warg (3)]
 11215 | D:9      | Received a gift from Trog
 11662 | D:10     | Noticed a two-headed ogre
 11670 | D:10     | Killed a two-headed ogre
 11858 | D:10     | Found a stormy altar of Qazlal.
 11947 | D:10     | Killed an unseen horror
 11947 | D:10     | Reached skill level 16 in Long Blades
 11947 | D:10     | Reached skill level 5 in Armour
 11976 | D:10     | Found a staircase to the Orcish Mines.
 12238 | Orc:1    | Entered Level 1 of the Orcish Mines
 12364 | Orc:1    | HP: 34/86 [orc warrior/+0 glaive (11)]
 12370 | Orc:1    | HP: 26/86 [orc warrior/+0 glaive (5)]
 12372 | Orc:1    | HP: 12/86 [orc warrior/+0 glaive (14)]
 12706 | Orc:2    | Entered Level 2 of the Orcish Mines
 12715 | Orc:2    | Found a large runed translucent door.
 12775 | Orc:2    | Noticed an orc sorcerer
 12777 | Orc:2    | Found a large runed translucent door.
 12781 | Orc:2    | Killed an orc sorcerer
 12781 | Orc:2    | Reached skill level 8 in Fighting
 13439 | Orc:2    | Found an iron altar of Okawaru.
 13461 | Orc:2    | Found a staircase to the Elven Halls.
 13464 | Orc:2    | Noticed an orc knight
 13475 | Orc:2    | Noticed an orc knight
 13481 | Orc:2    | Killed an orc knight
 13488 | Orc:2    | HP: 40/87 [orc warrior/+0 long sword (10)]
 13489 | Orc:2    | HP: 16/87 [orc warrior/+0 long sword (25)]
 13494 | Orc:2    | HP: 23/87 [warg (3)]
 13502 | Orc:1    | HP: 30/87 [orc warrior/+0 scimitar (3)]
 13504 | Orc:1    | Reached XP level 12. HP: 34/94 MP: 12/12
 13731 | Orc:1    | HP: 70/141 [troll (5)]
 13732 | Orc:1    | HP: 30/94 [troll (10)]
 13734 | Orc:1    | HP: 14/94 [orc (4)]
 13748 | Orc:1    | Slain by an orc knight

Vanquished Creatures
  4 two-headed ogres
  An unseen horror (D:10)
  An orc knight (Orc:2)
  Pikel (D:8)
  An orc sorcerer (Orc:2)
  4 trolls
  A wyvern (D:8)
  6 yaks (D:9)
  A human (D:10)
  Menkaure (D:7)
  6 wargs
  A water moccasin (D:9)
  11 orc warriors
  2 phantoms
  2 sky beasts
  10 ogres
  2 centaurs
  4 big kobolds
  4 bullfrogs
  A wyvern zombie (D:6)
  6 killer bees (D:7)
  4 scorpions
  5 wights (D:7)
  3 howler monkeys
  5 crimson imps
  2 gnoll shamans
  A quasit (D:7)
  A bullfrog zombie (D:5)
  5 hounds
  3 jellies (D:8)
  2 bullfrog skeletons
  A centaur skeleton (D:7)
  13 orc priests
  Crazy Yiuf (D:2)
  11 orc wizards
  7 worker ants
  Jessica (D:2)
  An iguana (D:8)
  A hound zombie (D:10)
  4 hound skeletons
  A worker ant zombie (D:6)
  Robin (D:2)
  16 gnolls
  14 adders
  4 shadow imps
  6 oozes
  2 adder skeletons (D:6)
  2 worms
  2 dart slugs
  8 leopard geckos
  46 orcs
  11 bats
  4 giant cockroaches
  20 goblins
  9 hobgoblins
  13 jackals
  8 quokkas
  A ball python (D:5)
  2 jackal skeletons
  A jackal zombie (D:5)
  27 kobolds
  A leopard gecko skeleton (D:4)
  7 rats
  A spectral orc (D:2)
348 creatures vanquished.

Vanquished Creatures (others)
  A vampire (D:8)
  A slave (D:8)
2 creatures vanquished.

Grand Total: 350 creatures vanquished

Table legend:
 A = Turns spent in this place as a percentage of turns spent in the entire game.
 B = Non-inter-level travel turns spent in this place as a percentage of non-inter-level travel turns spent in the entire game.
 C = Inter-level travel turns spent in this place as a percentage of turns spent in this place.
 D = Turns resting spent in this place as a percentage of non-inter-level travel turns spent in this place.
 E = Turns spent auto-exploring this place as a percentage of non-inter-level travel turns spent in this place.
 F = Non-inter-level travel turns spent in this place divided by the number of levels of this place that you've seen.
                   A       B       C       D       E      F
               +-------+-------+-------+-------+-------+----------------------
         Total | 100.0 | 100.0 |   3.5 |  36.4 |  46.3 | 1105.0
       Dungeon |  89.0 |  88.8 |   3.7 |  33.4 |  49.1 | 1178.1
  Orcish Mines |  11.0 |  11.2 |   2.1 |  60.1 |  24.4 | 739.5
               +-------+-------+-------+-------+-------+----------------------
